 Dungeon Crawl Stone Soup version 0.16.1-17-g773cdaf (webtiles) character file.

309 jacksonaction the Changer (level 6, -2/38 HPs)
             Began as an Octopode Transmuter on Apr 22, 2015.
             Killed by divine providence
             ... invoked by an orc priest
              (10 damage)
             ... on level 6 of the Dungeon.
             The game lasted 00:17:01 (3273 turns).

jacksonaction the Changer (Octopode Transmuter)     Turns: 3273, Time: 00:17:01

Health: -2/38      AC:  1    Str: 10    XL:     6   Next: 41%
Magic:  10/10      EV: 12    Int: 17    God:
Gold:   185        SH:  0    Dex: 12    Spells: 3 memorised, 1 level left

rFire  . . .     SeeInvis .     b - +0 blowgun
rCold  . . .     Clarity  .     (no shield)
rNeg   . . .     SustAb   .     (helmet restricted)
rPois  .         Gourm    .     (no amulet)
rElec  .         Spirit   .     (no ring)
rCorr  .         Warding  .     (no ring)
rMut   .         Stasis   .     (no ring)
MR     .....                    (no ring)
Stlth  ++........               (no ring)
                                (no ring)
                                (no ring)
                                (no ring)

@: not resistant to hostile enchantments, unstealthy
A: almost no armour, amphibious, 8 rings, constrict 8, camouflage 1, gelatinous
body 1
a: no special abilities


You were on level 6 of the Dungeon.
You were not hungry.

You visited 1 branch of the dungeon, and saw 4 of its levels.

You collected 185 gold pieces.

Inventory:

Hand weapons
 a - a +0 scythe of slicing
 b - a +0 blowgun (weapon)
Missiles
 c - 32 poisoned needles (quivered)
 i - 77 stones
Jewellery
 f - an uncursed ring of sustain abilities {unknown}
 r - an uncursed amulet of rage {unknown}
 x - an uncursed ring of poison resistance {unknown}
Magical devices
 l - a wand of slowing (0)
Scrolls
 h - a scroll of enchant weapon {unknown}
 j - a scroll of amnesia {unknown}
 k - a scroll of fear {unknown}
 m - 2 scrolls of teleportation {unknown}
 o - a scroll of blinking {unknown}
 p - a scroll of identify {unknown}
 w - a scroll of remove curse {unknown}
Potions
 e - a potion of resistance {unknown}
 g - a potion of cancellation {unknown}
 n - 2 potions of haste {unknown}
 t - a potion of might {unknown}
 z - a potion of curing {unknown}
 A - a potion of degeneration {unknown}
Books
 d - a book of Changes

   Spells                             Type                      Level
   a - Beastly Appendage              Transmutation                1
   b - Sticks to Snakes               Transmutation                2
   c - Spider Form                    Transmutation/Poison         3
   d - Ice Form                       Ice/Transmutation            4
   e - Blade Hands                    Transmutation                5
Comestibles
 q - a meat ration
 s - a beef jerky
 u - 3 bread rations
 v - a chunk of flesh


   Skills:
 - Level 1.0 Fighting
 - Level 2.0 Dodging
 - Level 4.6 Unarmed Combat
 - Level 2.0 Spellcasting
 + Level 5.5 Transmutations


You had one spell level left.
You knew the following spells:

 Your Spells              Type           Power        Failure   Level  Hunger
a - Beastly Appendage     Trmt           ###...       1%          1    #......
b - Spider Form           Trmt/Pois      ##........   21%         3    ###....
c - Ice Form              Ice/Trmt       ##......     71%         4    #####..


Dungeon Overview and Level Annotations

Branches:
Dungeon (6/15)
 Temple: D:4-7

Altars:

Annotations:
D:6 Menkaure; murphyslaw's ghost, experienced DEWz


Innate Abilities, Weirdness & Mutations

You cannot wear most types of armour.
You are amphibious.
You can wear up to eight rings at the same time.
You can use your tentacles to constrict many enemies at once.
Your skin changes colour to match your surroundings (Stealth).
Your rubbery body absorbs attacks (AC +1).


Message History

Wield which item (- for none, * to show all)? (? for menu, Esc to quit)
b - a +0 blowgun (weapon)
An orc priest comes into view.
The orc priest shouts!
The orc priest mumbles some strange prayers to Beogh against you.
Something smites you!
An orc priest comes into view. It is wielding a dagger.
The orc priest invokes the aid of Beogh against you.
Something smites you!
An orc warrior and an orc priest come into view.
An orc comes into view. It is wielding a dagger.
A hound skeleton comes into view.
The orc priest shouts!
The orc warrior shouts!
The orc priest invokes the aid of Beogh against you.
Something smites you!
* * * LOW HITPOINT WARNING * * *
The orc priest invokes the aid of Beogh against you.
Something smites you!
You die...

.#..#....'.......... . ...#.#
.#..#....#+#######.##. .oo.#..
.#..#.........# #.##.##..oZ#..
.#..#.........+ ......'..o.#'##
.#..###+#.....# #.##..#...^...#
.#......#.....# ##.##..###'#...#
.#..##+##.....+ ..........'...#
.#..#.........#+##'###'###o#...#
.#..+....###+#..@#.##..........#
.#..#.... +.......oo........#
.#..##### #.................#
.#...# #########...###...#
.#...# #...# #...# .##### #...#
#...# ## ##### #####


You could see 2 orc priests.

Vanquished Creatures
  An ogre (D:6)
  Sigmund (D:6)
  A worker ant (D:6)
  Ijyb (D:3)
  2 adders
  2 giant geckos
  An ooze (D:2)
  9 orcs (D:3)
  A bat zombie (D:6)
  5 giant cockroaches
  10 goblins
  11 hobgoblins
  3 jackals (D:1)
  2 quokkas
  3 ball pythons
  A ball python zombie (D:1)
  6 bats
  A giant gecko zombie (D:1)
  4 giant newts
  7 kobolds
  7 rats
79 creatures vanquished.

Vanquished Creatures (others)
  A giant gecko skeleton (D:6)
1 creature vanquished.

Grand Total: 80 creatures vanquished

Notes
Turn   | Place    | Note
--------------------------------------------------------------
     0 | D:1      | jacksonaction, the Octopode Transmuter, began the quest for the Orb.
     0 | D:1      | Reached XP level 1. HP: 13/13 MP: 3/3
   337 | D:1      | Reached XP level 2. HP: 12/18 MP: 4/4
  1004 | D:1      | Reached XP level 3. HP: 23/23 MP: 4/6
  1009 | D:1      | Learned a level 3 spell: Spider Form
  1632 | D:2      | Reached skill level 4 in Unarmed Combat
  1777 | D:2      | Reached XP level 4. HP: 25/28 MP: 7/7
  2352 | D:3      | Noticed Ijyb
  2366 | D:3      | Killed Ijyb
  2690 | D:3      | Reached XP level 5. HP: 33/33 MP: 9/9
  2774 | D:3      | You fall through a shaft for 3 floors!
  2774 | D:6      | Noticed Sigmund
  2818 | D:6      | Killed Sigmund
  2987 | D:6      | Noticed a phantom
  3007 | D:6      | Learned a level 4 spell: Ice Form
  3017 | D:6      | Noticed Menkaure
  3204 | D:6      | Noticed an ogre
  3219 | D:6      | Killed an ogre
  3219 | D:6      | Reached skill level 5 in Transmutations
  3219 | D:6      | Reached XP level 6. HP: 38/38 MP: 10/10
  3230 | D:6      | Noticed murphyslaw's ghost (experienced DEWz)
  3262 | D:6      | Noticed an orc warrior
  3273 | D:6      | Killed from afar by an orc priest

Action                   |  1- 3 |  4- 6 || total
-------------------------+-------+-------++-------
Melee: Unarmed           |    96 |    70 ||   166
       Flail             |       |     3 ||     3
       Scythe            |       |     3 ||     3
 Fire: Blowgun           |       |    16 ||    16
Throw: Stone             |     3 |    22 ||    25
 Cast: Beastly Appendage |     1 |     1 ||     2
       Spider Form       |       |     4 ||     4
Evoke: Wand              |       |     1 ||     1
 Stab: Sleeping          |     5 |     7 ||    12
  Eat: Chunk             |     2 |     6 ||     8
